 Dungeon Crawl Stone Soup version 0.17-a0-2122-g03d97ec (webtiles) character file.

86 4thArraOfDagon the Chopper (level 4, -2/61 HPs)
             Began as a Minotaur Berserker on Oct 21, 2015.
             Was a Follower of Trog.
             Slain by a sky beast (3 damage)
             ... on level 5 of the Dungeon.
             The game lasted 00:02:46 (552 turns).

4thArraOfDagon the Chopper (Minotaur Berserker)      Turns: 552, Time: 00:02:46

Health: -2/61      AC:  2    Str: 26    XL:     4   Next: 27%
Magic:  3/3        EV: 12    Int:  4    God:    Trog [*.....]
Gold:   40         SH:  0    Dex: 11    Spells: 0 memorised, 3 levels left

rFire  . . .     SeeInvis .     a - +0 hand axe
rCold  . . .     Clarity  .     b - +0 animal skin
rNeg   . . .     SustAt   .     (no shield)
rPois  .         Gourm    .     (helmet restricted)
rElec  .         Spirit   .     (no cloak)
rCorr  .         Warding  .     (no gloves)
rMut   .         Stasis   .     (no boots)
MR     .....                    (no amulet)
Stlth  ..........               (no ring)
                                (no ring)

@: berserking, very quick, not resistant to hostile enchantments, extremely
unstealthy
A: retaliatory headbutt, horns 2
a: Berserk, Burn Spellbooks, Renounce Religion


You were on level 5 of the Dungeon.
You worshipped Trog.
Trog was aware of your devotion.
You were not hungry.

You visited 1 branch of the dungeon, and saw 5 of its levels.

You collected 40 gold pieces.

Inventory:

Hand Weapons
 a - a +0 hand axe (weapon)
Armour
 b - a +0 animal skin (worn)
Scrolls
 d - a scroll of magic mapping {unknown}
 h - 2 scrolls of recharging {unknown}
 j - a scroll of identify {unknown}
Potions
 e - a potion of lignification {unknown}
 g - a potion of flight {unknown}
 i - a potion of curing {unknown}
Comestibles
 c - a bread ration
 f - a chunk of flesh
 k - 2 fruits


   Skills:
 + Level 4.4 Fighting
 * Level 5.0 Axes
 + Level 3.4 Armour
 - Level 2.1 Dodging


You had 3 spell levels left.
You didn't know any spells.

Dungeon Overview and Level Annotations

Branches:
Dungeon (5/15)
 Temple: D:4-7

Altars:


Innate Abilities, Weirdness & Mutations

You reflexively headbutt those who attack you in melee.
You have a pair of horns on your head.


Message History

You miss something. Something hits you. Something shocks you.
Bart's ghost completely misses you. You furiously retaliate!
You headbutt bart's ghost!
You destroy bart's ghost!
Unknown command.
You slash something! You headbutt something. Something hits you.
* * * LOW HITPOINT WARNING * * *
Something shocks you.
* * * LOW HITPOINT WARNING * * *
You completely miss something. You miss something. Something hits you.
* * * LOW HITPOINT WARNING * * *
Something shocks you.
* * * LOW HITPOINT WARNING * * *
You miss something. Something hits you.
* * * LOW HITPOINT WARNING * * *
Something shocks you.
* * * LOW HITPOINT WARNING * * *
You closely miss something. Something hits you.
You die...

########## #
#........# .#
##.######.########.##
.......##...........#
....##.#.#.#####@...#
##..##..###.....{...#
##...#.# #..###..%..#
..#..#. .# .##...#
#.#..# .#.# .....
.#...# .#. ...### #
#... <# .#.# # #...
.# ...# ##


There were no monsters in sight!

Vanquished Creatures
  A centaur skeleton (D:4)
  A hound zombie (D:5)
  An adder (D:3)
  A gnoll (D:4)
  A worm (D:4)
  The ghost of bart the Poker, a weakling MfSk (D:5)
  2 giant geckos
  An orc (D:4)
  A goblin (D:1)
  4 hobgoblins
  2 kobolds
  A bat (D:3)
  2 rats
19 creatures vanquished.

Notes
Turn   | Place    | Note
--------------------------------------------------------------
     0 | D:1      | 4thArraOfDagon the Minotaur Berserker began the quest for the Orb.
     0 | D:1      | Reached XP level 1. HP: 19/19 MP: 0/0
   163 | D:2      | Reached XP level 2. HP: 20/27 MP: 1/1
   195 | D:2      | Reached skill level 4 in Fighting
   369 | D:4      | Reached XP level 3. HP: 20/33 MP: 2/2
   418 | D:4      | Reached XP level 4. HP: 17/41 MP: 3/3
   482 | D:5      | Entered Level 5 of the Dungeon
   486 | D:5      | Reached skill level 5 in Axes
   538 | D:5      | Noticed a sky beast
   544 | D:5      | Noticed bart's ghost (weakling MfSk)
   547 | D:5      | Killed bart's ghost
   551 | D:5      | HP: 1/61 [something (5)]
   552 | D:5      | Slain by a sky beast

Vault maps used:
D:1:      wheals_arrival_shading
D:2:      corexii_hall_statues_l
D:3:      grunt_ministairs_11
D:4:      minmay_bisected
D:5:      minmay_temple_entry_trees, nicolae_ossuary_entry_ruins, first_bread,
          uniq_blork_the_orc, uniq_duvessa

Action                   |  1- 3 |  4- 6 || total
-------------------------+-------+-------++-------
Melee: Hand axe          |    26 |     9 ||    35
Invok: Berserk           |     4 |     2 ||     6
  Eat: Chunk             |     1 |     3 ||     4
